 Dungeon Crawl Stone Soup version 0.28.0-53-g5a82cb258f (webtiles) character file.

Game seed: 10409405556095617212

932 Scuddy the Cudgeller (level 7, -3/52 HPs)
             Began as a Demonspawn Fighter on July 4, 2022.
             Was an Initiate of Makhleb.
             Slain by an ogre
             ... wielding a +0 giant club
              (28 damage)
             ... on level 5 of the Dungeon.
             The game lasted 00:06:16 (5277 turns).

Scuddy the Cudgeller (Demonspawn Fighter)           Turns: 5277, Time: 00:06:17

Health: -3/52      AC:  8    Str: 16    XL:     7   Next: 86%
Magic:  7/7        EV:  9    Int: 12    God:    Makhleb [......]
Gold:   257        SH:  6    Dex: 12    Spells: 6/6 levels left

rFire   . . .      SeeInvis .   e - +2 short sword (venom)
rCold   . . .      Faith    +   c - +1 buckler
rNeg    + . .      Spirit   .   b - +0 scale mail
rPois   .          Reflect  .   (no helmet)
rElec   .          Harm     .   s - scarf {+Inv}
rCorr   .          Rampage  .   (no gloves)
Will    .....                   t - +0 pair of boots
Stlth   ..........              y - amulet of faith
HPRegen 0.17/turn               r - ring of positive energy
MPRegen 0.10/turn               (no ring)

@: no status effects
A: spiny 1, demonic touch 2
a: Renounce Religion, Evoke Invisibility


You were on level 5 of the Dungeon.
You worshipped Makhleb.
Makhleb was noncommittal.
You visited 2 branches of the dungeon, and saw 7 of its levels.

You collected 257 gold pieces.

Inventory:

Hand Weapons
 a - a +0 flail
 e - a +2 short sword of venom (weapon)
 h - a +0 whip
Missiles
 l - a throwing net (quivered)
Armour
 b - a +0 scale mail (worn)
 c - a +1 buckler (worn)
 s - a scarf of invisibility (worn)
 t - a +0 pair of boots (worn)
Jewellery
 o - an amulet of reflection
 r - a ring of positive energy (left hand)
 y - an amulet of faith (around neck)
 z - a ring of fire
Scrolls
 f - a scroll of enchant armour
 g - a scroll of fear {unknown}
 i - a scroll of enchant weapon {unknown}
 v - a scroll of fog
 x - 3 scrolls of immolation {unknown}
 B - 2 scrolls of teleportation {unknown}
 C - a scroll of identify
Potions
 d - a potion of might
 j - 2 potions of mutation
 k - a potion of curing {unknown}
 m - a potion of flight {unknown}
 n - a potion of degeneration {unknown}
 p - a potion of haste {unknown}
 q - a potion of ambrosia {unknown}
 u - a potion of lignification {unknown}
 w - 3 potions of brilliance {unknown}
 A - a potion of heal wounds {unknown}


   Skills:
 - Level 3.0 Fighting
 * Level 6.0 Maces & Flails
 + Level 4.9 Armour
 + Level 4.9 Shields


You had 6 spell levels left.
You didn't know any spells.
Your spell library was empty.

Dungeon Overview and Level Annotations

Branches:
Dungeon (6/15)             Temple (1/1) D:4

Altars:
Ashenzari
Cheibriados
Elyvilon
Hepliaklqana
Kikubaaqudgha
Makhleb
Nemelex Xobeh
Okawaru
Ru
Sif Muna
Trog
Uskayaw
Xom
Yredelemnul
Zin
The Shining One

Shops:
D:2 [   D:6 :


Innate Abilities, Weirdness & Mutations

You are partially covered in sharp spines.
Your touch may inflict irresistible damage on your foes.


Message History

You feel sick.
The scorpion stings you but does no damage.
The scorpion stings you.
You hit the scorpion but do no damage.
The scorpion is poisoned.
The scorpion is moderately wounded.
You feel sick. The scorpion closely misses you.
You barely miss the scorpion.
The scorpion is heavily wounded.
You feel sick. The scorpion barely misses you.
The scorpion is struck by your spines. The scorpion closely misses you.
You hit the scorpion.
You kill the scorpion!
Makhleb accepts your kill.
You feel sick.
You are no longer poisoned.
Your Maces & Flails skill increases to level 6!
No target in view!
You start resting.
HP restored.
You climb downwards.
The kobold brigand shouts!
You hear a shout!
The kobold throws a stone.
You block the stone. The kobold is struck by your spines.
The kobold hits you but does no damage. You block the kobold's attack.
The ogre is struck by your spines. The ogre hits you with a +0 giant club!
A kobold comes into view. It is wielding a +4 short sword.
There is a stone staircase leading up, spattered with blood here.
You climb upwards.
There is a stone staircase leading down here.
The ogre hits you with a +0 giant club!
The kobold hits you with a +0 short sword.
The kobold throws a stone.
You block the stone.
The kobold hits you with a +0 short sword.
You barely miss the ogre. The ogre closely misses you.
You hit the ogre.
The ogre is lightly wounded.
The ogre is struck by your spines.
The ogre hits you with a +0 giant club!!
Ouch! That really hurt!
You die...

######## #.....## #.....##
###############.....##
#.....................
#....K................
#..##K........#.....#.
#K.##O#.....#.#######.
#..##@#.......# #.
#..##.#.#.....# #.
#..##.#.#.##..# #.
#..##.#.......# #.
#..##.#.......#######.
#..##.###...#.........
###>......<.............
########...†...................
#..............................


You could see an ogre and 2 kobolds.

Vanquished Creatures
  A water moccasin (D:5)
  A sky beast (D:5)
  An ice beast (D:5)
  A necrophage (D:4)
  An ogre (D:5)
  2 scorpions
  A water moccasin skeleton (D:4)
  A bullfrog zombie (D:5)
  A centaur zombie (D:5)
  2 hounds
  A bullfrog skeleton (D:6)
  An iguana (D:5)
  5 adders
  A worm (D:5)
  2 dart slugs
  2 orcs
  4 ball pythons
  4 endoplasms
  A giant cockroach (D:3)
  7 goblins
  6 hobgoblins
  8 jackals
  2 quokkas
  7 bats
  5 frilled lizards
  6 kobolds
  11 rats
85 creatures vanquished.

Vanquished Creatures (others)
  A plant (D:2)
1 creature vanquished.

Grand Total: 86 creatures vanquished

Notes
Turn   | Place    | Note
-------+----------+-------------------------------------------
     0 | D:1      | Scuddy the Demonspawn Fighter began the quest for the Orb.
     0 | D:1      | Reached XP level 1. HP: 18/18 MP: 1/1
   346 | D:1      | Reached skill level 2 in Maces & Flails
   395 | D:1      | Gained mutation: You are partially covered in sharp spines.
                  | [demonic ancestry]
   395 | D:1      | Reached XP level 2. HP: 22/24 MP: 2/2
   482 | D:1      | Found a faded altar of an unknown god.
   672 | D:1      | Reached XP level 3. HP: 25/28 MP: 3/3
  1334 | D:2      | Reached skill level 3 in Maces & Flails
  1475 | D:2      | Found Enegejev's Antique Armour Boutique.
  1483 | D:2      | Gained mutation: Your touch may inflict minor irresistible
                  | damage on your foes. [demonic ancestry]
  1483 | D:2      | Reached XP level 4. HP: 32/35 MP: 4/4
  1902 | D:3      | Found an ancient bone altar of Kikubaaqudgha.
  2690 | D:4      | Noticed a scorpion
  2697 | D:4      | Killed a scorpion
  2698 | D:4      | Reached XP level 5. HP: 39/41 MP: 5/5
  2818 | D:4      | Found a hazy altar of Hepliaklqana.
  2819 | D:4      | Found a broken altar of Ashenzari.
  2982 | D:4      | Noticed a necrophage
  3051 | D:4      | Reached skill level 4 in Maces & Flails
  3112 | D:4      | Found a hide-covered altar of Uskayaw.
  3152 | D:4      | Found a staircase to the Ecumenical Temple.
  3161 | Temple   | Entered the Ecumenical Temple
  3178 | Temple   | Became a worshipper of Makhleb the Destroyer
  3422 | D:4      | Killed a necrophage
  3423 | D:4      | Gained mutation: Your touch may inflict irresistible damage
                  | on your foes. [demonic ancestry]
  3423 | D:4      | Reached XP level 6. HP: 31/47 MP: 6/6
  3904 | D:5      | Entered Level 5 of the Dungeon
  4086 | D:5      | Noticed a water moccasin
  4099 | D:5      | Killed a water moccasin
  4463 | D:5      | Reached skill level 5 in Maces & Flails
  4497 | D:5      | Reached XP level 7. HP: 52/52 MP: 7/7
  5055 | D:6      | Found Ginwoel's Self-Improvement Boutique.
  5174 | D:5      | Reached skill level 6 in Maces & Flails
  5277 | D:5      | Slain by an ogre

Illustrated notes

Levels and vault maps discovered:
D:1:      scummos_arrival_star, layout_basic,
          hellmonk_ecumenical_altar_prayer_group, minmay_misc_feat_roman
D:2:      layout_basic, serial_forest, infiniplex_forest_side_room,
          infiniplex_forest_clump_small, infiniplex_forest_end_2,
          infiniplex_forest_clump_curved, infiniplex_forest_straight_4,
          infiniplex_forest_clump_tiny, serial_shops, shop_fountains
D:3:      minmay_razor_zed, layout_loops_ring,
          nicolae_kikubaaqudgha_miasma_corner
D:4:      layout_loops_corners, nicolae_overflow_squiral,
          nicolae_uskayaw_dance_hall, minmay_temple_entry_ruins,
          kennysheep_generic_room_7
D:5:      layout_basic
D:6:      layout_layer_cave, mainiacjoe_overflow_large_starburst,
          nicolae_shop_self_help
Temple:   nicolae_temple_no_exploring_needed

Skill      XL: |  1  2  3  4  5  6  7 |
---------------+----------------------+-----
Maces & Flails | 2 3 4 5 6 |  6.0
Armour         | 3 4 |  4.9
Shields        | 3 4 |  4.9
Fighting       | |  3.0

Action                   |  1- 3 |  4- 6 |  7- 9 || total
-------------------------+-------+-------+-------++-------
Melee: Short sword       |    57 |    53 |    24 ||   134
       Flail             |     7 |    35 |       ||    42
       Whip              |       |       |    22 ||    22
  Use: Scroll            |       |     5 |       ||     5
Armor: Scale mail        |    44 |    36 |    23 ||   103
Dodge: Dodged            |    31 |    26 |    16 ||    73
Block: Buckler           |    18 |    22 |    14 ||    54
